 Dungeon Crawl Stone Soup version 0.28.0-53-g5a82cb258f (webtiles) character file.

Game seed: 15045673372983659632

184 Sin92 the Skirmisher (level 5, -2/42 HPs)
             Began as a Demonspawn Fighter on June 2, 2022.
             Slain by a scorpion (8 damage)
             ... on level 4 of the Dungeon.
             The game lasted 00:02:17 (3425 turns).

Sin92 the Skirmisher (Demonspawn Fighter)           Turns: 3425, Time: 00:02:18

Health: -2/42      AC:  6    Str: 18    XL:     5   Next: 36%
Magic:  5/5        EV:  9    Int: 11    God:
Gold:   168        SH:  4    Dex: 13    Spells: 4/4 levels left

rFire   . . .      SeeInvis .   a - +0 war axe
rCold   . . .      Faith    .   c - +0 buckler
rNeg    . . .      Spirit   .   b - +0 scale mail
rPois   .          Reflect  .   (no helmet)
rElec   .          Harm     .   (no cloak)
rCorr   .          Rampage  .   (no gloves)
Will    .....                   (no boots)
Stlth   ..........              (no amulet)
HPRegen 0.14/turn               (no ring)
MPRegen 0.18/turn               (no ring)

@: lethally poisoned (-2 -> -12)
A: hooves 1, magic regeneration, big brain 1
a: no special abilities


You were on level 4 of the Dungeon.
You visited 1 branch of the dungeon, and saw 4 of its levels.

You collected 168 gold pieces.

Inventory:

Hand Weapons
 a - a +0 war axe (weapon)
Armour
 b - a +0 scale mail (worn)
 c - a +0 buckler (worn)
Wands
 n - a wand of acid (10)
Scrolls
 i - a scroll of vulnerability {unknown}
 k - a scroll of fog {unknown}
 m - a scroll of torment {unknown}
Potions
 d - a potion of might
 e - a potion of heal wounds
 f - a potion of haste {unknown}
 g - 2 potions of curing {unknown}
 h - a potion of cancellation {unknown}
 j - 2 potions of resistance {unknown}
 l - a potion of mutation {unknown}


   Skills:
 + Level 3.7 Fighting
 * Level 3.3 Axes
 + Level 3.2 Armour
 + Level 1.5 Dodging
 + Level 3.3 Shields


You had 4 spell levels left.
You didn't know any spells.
Your spell library contained the following spells:

 Spells                   Type           Power      Damage    Failure   Level
 Leda's Liquefaction      Hex/Erth       0%         N/A       100%        4
 Lee's Rapid Deconstruct  Erth           0%         3d5*      100%        5
 Statue Form              Tmut/Erth      0%         N/A       100%        6


Dungeon Overview and Level Annotations

Branches:
Dungeon (4/15)
 Temple: D:4-7

Altars:

Shops:
D:1 [


Innate Abilities, Weirdness & Mutations

You have large cloven feet.
You regenerate magic rapidly.
You have an unusually large brain. (Int +2)


Message History

You kill the ball python!
You closely miss the scorpion. You hit the orc.
You kill the orc!
You feel very sick. The scorpion stings you.
You are lethally poisoned!
The scorpion poisons you! The orc hits you but does no damage.
The scorpion closely misses you.
There is a lethal amount of poison in your body!
Unknown command.
There is a lethal amount of poison in your body!
You are too injured to fight recklessly!
Unknown command.
There is a lethal amount of poison in your body!
You are too injured to fight recklessly!
You are too injured to fight recklessly!
Unknown command.
There is a lethal amount of poison in your body!
Unknown command.
You are too injured to fight recklessly!
Unknown command.
There is a lethal amount of poison in your body!
You are too injured to fight recklessly!
Unknown command.
There is a lethal amount of poison in your body!
You closely miss the orc. You kick the orc.
The orc is severely wounded.
You barely miss the scorpion.
* * * LOW HITPOINT WARNING * * *
You feel very sick. The scorpion closely misses you.
The orc hits you but does no damage.
A black bear comes into view.
You slash the orc!
You kill the orc!
You closely miss the scorpion.
* * * LOW HITPOINT WARNING * * *
You feel very sick.
The scorpion stings you but does no damage.
The scorpion stings you!
You die...

..#####.#.#
.... #.#.#
#.#.# #.#.#
#....##.#.#
........#.#
#....#..#.#
#....#..#.#
#....(....#
#.##...)@s# #
#....).......
...............
#####..#.?...?.
...........
###..h......
##..###### .#


You could see a black bear and a scorpion.

Vanquished Creatures
  An orc priest (D:4)
  Terence (D:2)
  An orc wizard (D:3)
  An adder (D:2)
  A worm (D:2)
  5 dart slugs
  6 orcs
  12 ball pythons
  9 endoplasms
  2 giant cockroaches
  7 goblins
  3 hobgoblins
  4 jackals (D:2)
  3 quokkas
  4 bats
  A frilled lizard (D:2)
  6 kobolds
  9 rats
76 creatures vanquished.

Vanquished Creatures (others)
  A demonic plant (D:1)
  2 plants (D:1)
  A withered plant (D:1)
4 creatures vanquished.

Grand Total: 80 creatures vanquished

Notes
Turn   | Place    | Note
-------+----------+-------------------------------------------
     0 | D:1      | Sin92 the Demonspawn Fighter began the quest for the Orb.
     0 | D:1      | Reached XP level 1. HP: 18/18 MP: 1/1
   135 | D:1      | Found Rinnahass's Antique Armour Shop.
   334 | D:1      | Gained mutation: You regenerate magic rapidly. [demonic
                  | ancestry]
   334 | D:1      | Reached XP level 2. HP: 17/17 MP: 2/2
   767 | D:1      | Found a faded altar of an unknown god.
   783 | D:1      | Reached XP level 3. HP: 26/27 MP: 3/3
  1714 | D:2      | Reached skill level 1 in Dodging
  1997 | D:2      | Gained mutation: You have an unusually large brain. (Int
                  | +2) [demonic ancestry]
  1997 | D:2      | Reached XP level 4. HP: 35/35 MP: 4/4
  2194 | D:2      | Noticed Terence
  2206 | D:2      | Killed Terence
  2970 | D:3      | Gained mutation: You have large cloven feet. [demonic
                  | ancestry]
  2970 | D:3      | Reached XP level 5. HP: 26/41 MP: 5/5
  3424 | D:4      | Noticed a black bear
  3425 | D:4      | Slain by a scorpion

Illustrated notes

Levels and vault maps discovered:
D:1:      heliophobic_arrival_enchanted_forest, layout_loops_ring, serial_shops,
          nicolae_diamond_shop, shapermc_ecumenical_altar_gd, amethyst_killhole,
          st_stairs_4
D:2:      layout_loops_ring, uniq_terence
D:3:      layout_loops_ring
D:4:      layout_basic

Skill      XL: |  1  2  3  4 |
---------------+-------------+-----
Axes           | 2 3 |  3.3
Shields        | 3 |  3.3
Armour         | 3 |  3.2
Dodging        | 1 |  1.5
Fighting       | |  3.7

Action                   |  1- 3 |  4- 6 || total
-------------------------+-------+-------++-------
Melee: War axe           |   121 |    77 ||   198
       Kick              |       |     1 ||     1
  Use: Scroll            |     2 |       ||     2
Armor: Scale mail        |    69 |    48 ||   117
Dodge: Dodged            |    44 |    34 ||    78
Block: Buckler           |    26 |    14 ||    40
